 Dungeon Crawl Stone Soup version 0.30.1-9-gdf580d7c3d (webtiles) character file.

Game seed: 1678346558190505147

298 Wiggles the Chopper (level 6, 0/55 HPs)
             Began as a Minotaur Berserker on Oct 20, 2023.
             Was a Priest of Trog.
             Slain by a wight
             ... wielding a +0 flail
              (2 damage)
             ... on level 4 of the Dungeon.
             The game lasted 00:04:32 (2467 turns).

Wiggles the Chopper (Minotaur Berserker)            Turns: 2467, Time: 00:04:32

Health: 0/55       AC:  8    Str: 24    XL:     6   Next: 13%
Magic:  5/5        EV: 10    Int:  4    God:    Trog [***...]
Gold:   206        SH:  0    Dex:  9    Spells: 5/5 levels left

rFire   . . .        l - +2 hand axe (distort)
rCold   . . .        (no shield)
rNeg    . . .        i - +0 scale mail
rPois   .            (helmet restricted)
rElec   .            n - +0 cloak
rCorr   .            (no gloves)
SInv    .            (no boots)
Will    .....        (no amulet) Stlth
                     (no ring)
HPRegen 0.29/turn    (no ring)
MPRegen 0.09/turn

%: no passive effects
@: on berserk cooldown, slowed, very slow
A: horns 2, retaliatory headbutt
a: Renounce Religion, Berserk, Trog's Hand


You were on level 4 of the Dungeon.
You worshipped Trog.
Trog was most pleased with you.
You visited 1 branch of the dungeon, and saw 4 of its levels.

You collected 206 gold pieces.

Inventory:

Hand Weapons
 l - a +2 hand axe of distortion (weapon)
Armour
 i - a +0 scale mail (worn)
 n - a +0 cloak (worn)
Jewellery
 a - a ring of magical power
Scrolls
 b - 2 scrolls of teleportation {unknown}
 f - 2 scrolls of noise {unknown}
 h - a scroll of enchant weapon {unknown}
 k - a scroll of fear {unknown}
 m - a scroll of blinking {unknown}
Potions
 c - a potion of heal wounds {unknown}
 d - 2 potions of brilliance {unknown}
 e - 2 potions of haste {unknown}
 g - 5 potions of curing {unknown}
 j - a potion of degeneration {unknown}
 o - a potion of resistance {unknown}


   Skills:
 + Level 4.8 Fighting
 + Level 5.8 Axes
 + Level 4.7 Armour
 + Level 3.1 Dodging
 + Level 0.5 Stealth


You had 5 spell levels left.
You didn't know any spells.
Your spell library was empty.

Dungeon Overview and Level Annotations

Branches:
Dungeon (4/15)
 Temple: D:4-7

Altars:
Makhleb

Shops:
D:2 [


Innate Abilities, Weirdness & Mutations

You have a pair of horns on your head.
You reflexively headbutt those who attack you in melee.


Message History

The wight is severely damaged.
You hit the wight. You barely miss the wight.
The wight blinks!
The wight barely misses you. x2
You slash the wight!
You destroy the wight!
Trog accepts your kill.
You barely miss the wight. The wight hits you but does no damage.
You hit the wight but do no damage. Your headbutt misses the wight.
You slash the wight!
The wight blinks! x2
Things that are here:
a +1 falchion; a +0 robe You feel a strong urge to attack something.
The wight hits you with a +2 hand axe.
You are no longer berserk.
You are exhausted.
You feel yourself slow down.
Things that are here:
a +1 falchion; a +0 robe You closely miss the wight.
The wight is moderately damaged.
The wight hits you but does no damage. The wight hits you with a +2 hand axe.
You feel drained. The wight hits you with a +0 battleaxe.
You closely miss the wight.
The wight is moderately damaged.
You completely miss the wight. You hit the wight.
Space warps horribly around the wight!!
You destroy the wight!
Trog accepts your kill. The wight misses you. The wight closely misses you.
Your life force feels restored.
You have reached level 6!
You barely miss the wight.
The wight is moderately damaged.
You hit the wight but do no damage.
Space warps around the wight.
The wight hits you with a +2 hand axe!
* * * LOW HITPOINT WARNING * * *
The wight closely misses you. The wight hits you with a +2 hand axe!
* * * LOW HITPOINT WARNING * * *
The wight hits you with a +0 flail.
You die...

# # # # ###### #
...<# #######
#####...#
)......
...#...######
....###
#####.#z........
....+
#......@z.#
....#
#.###.#)..#
##### #.#...#
#.#...# #.#...#
#.#.... #####.#
#.#..### ......#
#.#... #######
#.#


You could see 2 wights.

Vanquished Creatures
  3 wights (D:4)
  4 adders
  2 worms
  3 dart slugs
  7 orcs
  7 ball pythons
  6 endoplasms
  5 giant cockroaches
  7 goblins (D:3)
  9 hobgoblins
  6 jackals
  2 quokkas (D:2)
  6 bats
  2 frilled lizards
  7 kobolds
  10 rats
86 creatures vanquished.

Notes
Turn   | Place    | Note
-------+----------+-------------------------------------------
     0 | D:1      | Wiggles the Minotaur Berserker began the quest for the Orb.
     0 | D:1      | Reached XP level 1. HP: 19/19 MP: 0/0
   336 | D:1      | Reached skill level 4 in Axes
   336 | D:1      | Reached XP level 2. HP: 23/27 MP: 1/1
  1030 | D:2      | Reached XP level 3. HP: 24/33 MP: 2/2
  1175 | D:2      | Reached ** piety under Trog
  1257 | D:2      | Found Pukkeufi's Antique Armour Emporium.
  1432 | D:2      | Reached XP level 4. HP: 39/41 MP: 3/3
  1930 | D:3      | Reached skill level 5 in Axes
  2056 | D:3      | Found a burning altar of Makhleb.
  2065 | D:3      | Reached *** piety under Trog
  2118 | D:3      | Reached XP level 5. HP: 47/47 MP: 4/4
  2467 | D:4      | Reached XP level 6. HP: 23/55 MP: 5/5
  2467 | D:4      | HP: 2/55 [wight/+2 hand axe (11)]
  2467 | D:4      | Slain by a wight

Illustrated notes

Levels and vault maps discovered:
D:1:      grunt_arrival_lava_bath, layout_basic, supply_closet_lemuel
D:2:      wad_river_or_something, layout_basic, serial_shops, shop,
          hangedman_decor_growths
D:3:      kennysheep_the_goblin_king, layout_basic, old_standard_altar
D:4:      layout_basic, marbit_many_paths

Skill      XL: |  1  2  3  4  5 |
---------------+----------------+-----
Axes           | 4 5 |  5.8
Fighting       | 4 |  4.8
Armour         | 3 4 |  4.7
Dodging        | 3 |  3.1
Stealth        | |  0.5

Action                     |  1- 3 |  4- 6 || total
---------------------------+-------+-------++-------
  Melee: Hand axe          |    82 |    71 ||   153
         Headbutt          |    14 |     8 ||    22
         Punch             |     1 |       ||     1
 Invoke: Berserk           |       |     1 ||     1
 Armour: Animal skin       |    15 |       ||    15
         Scale mail        |    10 |    28 ||    38
  Dodge: Dodged            |    69 |    40 ||   109
